 Dungeon Crawl Stone Soup version 0.30-a0-802-gb92711bcdf (webtiles) character file.

Game seed: 12089636679915969198

628 Dittersdorf the Shield-Bearer (level 7, -1/44 HPs)
             Began as a Gargoyle Fighter on Feb 24, 2023.
             Slain by a centaur (4 damage)
             ... on level 5 of the Dungeon.
             The game lasted 00:04:50 (3833 turns).

Dittersdorf the Shield-Bearer (Gargoyle Fighter)    Turns: 3833, Time: 00:04:50

Health: -1/44      AC: 17    Str: 21    XL:     7   Next: 48%
Magic:  7/7        EV: 24    Int:  9    God:
Gold:   1176       SH:  5    Dex:  9    Spells: 6/6 levels left

rFire   . . .      SeeInvis .    a - +1 flail (freeze)
rCold   . . .      Faith    .    c - +0 buckler
rNeg    + + .      Spirit   .    k - +1 scale mail {rN+}
rPois   ∞          Reflect  .    e - +0 helmet
rElec   +          Harm     .    l - +2 cloak
rCorr   .          Rampage  .    (no gloves)
Will    .....                    (no boots) Stlth
                                 g - amulet of the acrobat
HPRegen 0.27/turn                (no ring)
MPRegen 0.10/turn                (no ring)

@: acrobatic
A: sickness immunity, AC +4, negative energy resistance 1, electricity
resistance, torment resistance 1, petrification resistance
a: no special abilities


You were on level 5 of the Dungeon.
You visited 1 branch of the dungeon, and saw 5 of its levels.

You collected 1176 gold pieces.

Inventory:

Hand Weapons
 a - a +1 flail of freezing (weapon)
Armour
 c - a +0 buckler (worn)
 e - a +0 helmet (worn)
 k - a +1 scale mail of positive energy (worn)
 l - a +2 cloak (worn)
Jewellery
 g - an amulet of the acrobat (around neck)
Scrolls
 h - 2 scrolls of poison
 i - 2 scrolls of teleportation
 j - a scroll of fog
 t - 2 scrolls of magic mapping
Potions
 b - 5 potions of curing
 d - a potion of might
 f - 2 potions of flight
 m - a potion of degeneration {unknown}
 n - a potion of cancellation {unknown}
 o - 2 potions of brilliance {unknown}
 p - a potion of ambrosia {unknown}
 q - a potion of attraction {unknown}
 r - a potion of magic


   Skills:
 + Level 5.4 Fighting
 + Level 4.2 Maces & Flails
 + Level 5.4 Armour
 + Level 5.4 Shields


You had 6 spell levels left.
You didn't know any spells.
Your spell library contained the following spells:

 Spells                   Type           Power      Damage    Failure   Level
 Summon Small Mammal      Summ           0%         N/A       80%         1
 Call Canine Familiar     Summ           0%         N/A       99%         3
 Summon Guardian Golem    Hex/Summ       0%         N/A       99%         3


Dungeon Overview and Level Annotations

Branches:
Dungeon (5/15)
 Temple: D:4-7

Altars:

Shops:
D:1 [

Annotations:
D:3 3 runed translucent doors, Nabski's ghost, amateur TeFE


Innate Abilities, Weirdness & Mutations

You are immune to sickness and miasma.
Your stone body is resilient. (AC +4)
You are immune to poison.
You resist negative energy. (rN+)
You are resistant to electric shocks. (rElec)
You are resistant to unholy torment.
You are immune to petrification.


Message History

The black bear attacks as you move away!
The black bear bites you.
* * * LOW HITPOINT WARNING * * *
The black bear claws you but does no damage.
The black bear closely misses you.
The centaur shoots an arrow.
You block the arrow.
The centaur shoots an arrow.
The arrow hits you.
* * * LOW HITPOINT WARNING * * *
The centaur shoots an arrow.
The arrow completely misses you.
The black bear attacks as you move away!
The black bear barely misses you. The black bear closely misses you.
The black bear claws you but does no damage.
The black bear attacks as you move away!
You block the black bear's attack. The black bear claws you.
* * * LOW HITPOINT WARNING * * *
The black bear barely misses you.
The black bear attacks as you move away!
The black bear barely misses you. The black bear completely misses you.
You block the black bear's attack.
The black bear attacks as you move away!
The black bear misses you. You block the black bear's attack.
The black bear misses you.
The black bear attacks as you move away!
The black bear misses you. The black bear claws you.
* * * LOW HITPOINT WARNING * * *
The black bear completely misses you.
You barely miss the black bear.
The black bear is moderately wounded.
The black bear bites you but does no damage.
The black bear claws you but does no damage. x2
You hit the black bear. You freeze the black bear.
The black bear is heavily wounded.
The black bear bites you.
* * * LOW HITPOINT WARNING * * *
You block the black bear's attack.
The black bear claws you but does no damage.
You thump the black bear! You freeze the black bear.
You kill the black bear!
The centaur shoots an arrow.
The arrow hits you but does no damage.
The centaur unwields a +0 shortbow.
The centaur hits you.
You die...

. #. #........# .. ..
#.###.##†..# .# #.#
#..........### .# #.#
#.............# .# #.#
#.........###.# ## ##..#
#.........# # .###.#.#
#.........###.# ..#....#
#####.......).....# .......#
#.c@..........#.#
..#....#######g#####.#####.#.#
.###.#.gg....g.# #.# #.#.# )#
#.########### #.# #.#.# .# #.#
#.# #...# .# #.# #.# ###)# .#
#.# #.# #.#### .# #.# #.#
#..... ## #.# #.# #.####


You could see a centaur and 2 gnolls.

Vanquished Creatures
  A black bear (D:5)
  An ice beast (D:4)
  A phantom (D:4)
  A hound (D:4)
  Terence (D:2)
  An iguana (D:4)
  3 orc wizards (D:4)
  8 adders
  3 gnolls (D:4)
  A shadow imp (D:5)
  A dart slug (D:1)
  10 orcs
  4 endoplasms
  4 giant cockroaches
  7 goblins
  9 hobgoblins
  3 jackals (D:3)
  4 quokkas
  7 ball pythons
  6 bats
  5 frilled lizards
  10 kobolds
  4 rats
95 creatures vanquished.

Vanquished Creatures (others)
  3 plants (D:5)
3 creatures vanquished.

Grand Total: 98 creatures vanquished

Notes
Turn   | Place    | Note
-------+----------+-------------------------------------------
     0 | D:1      | Dittersdorf the Gargoyle Fighter began the quest for the
                  | Orb.
     0 | D:1      | Reached XP level 1. HP: 14/14 MP: 1/1
   176 | D:1      | Reached XP level 2. HP: 19/19 MP: 2/2
   414 | D:1      | Found Seotsafa's Armour Boutique.
   526 | D:1      | Reached XP level 3. HP: 23/23 MP: 3/3
   931 | D:2      | Noticed Terence
   937 | D:2      | Killed Terence
   938 | D:2      | Reached XP level 4. HP: 18/29 MP: 4/4
  2050 | D:3      | Found a runed translucent gate.
  2052 | D:3      | Found a runed translucent gate.
  2053 | D:3      | Found a runed translucent gate.
  2054 | D:3      | Noticed Nabski's ghost (amateur TeFE)
  2056 | D:3      | Noticed a kobold brigand
  2474 | D:4      | Identified a scroll of acquirement
  2474 | D:4      | Acquired 948 gold pieces
  2547 | D:4      | Reached XP level 5. HP: 31/34 MP: 5/5
  2774 | D:4      | Noticed a phantom
  2813 | D:4      | Killed a phantom
  2814 | D:4      | Reached XP level 6. HP: 29/39 MP: 6/6
  3431 | D:5      | Entered Level 5 of the Dungeon
  3431 | D:5      | Noticed an ice beast
  3447 | D:4      | Killed an ice beast
  3448 | D:4      | Reached skill level 5 in Fighting
  3448 | D:4      | Reached skill level 5 in Armour
  3448 | D:4      | Reached skill level 5 in Shields
  3448 | D:4      | Reached XP level 7. HP: 16/44 MP: 7/7
  3833 | D:5      | Slain by a centaur

Illustrated notes

Levels and vault maps discovered:
D:1:      lightli_arrival_isolated_outpost, layout_loops_ring, serial_shops,
          nicolae_shop_statue_plus, corner_web_ring
D:2:      layout_loops_cross, minmay_goblin_outpost, uniq_terence
D:3:      layout_loops_corners, gammafunk_ghost_nasty_kobolds
D:4:      layout_basic
D:5:      layout_loops_ring, nicolae_ru_path_of_blood, grunt_ministairs_7,
          sigmund_edmund_badplayer

Skill      XL: |  1  2  3  4  5  6 |
---------------+-------------------+-----
Fighting       | 4 5 |  5.4
Armour         | 4 5 |  5.4
Shields        | 4 5 |  5.4
Maces & Flails | 3 4 |  4.2

Action                     |  1- 3 |  4- 6 |  7- 9 || total
---------------------------+-------+-------+-------++-------
  Melee: Flail             |   103 |   222 |    34 ||   359
    Use: Scroll            |       |    11 |     2 ||    13
 Armour: Scale mail        |    69 |   129 |    36 ||   234
  Dodge: Dodged            |    50 |   126 |    47 ||   223
  Block: Buckler           |    14 |    53 |    18 ||    85

Table legend: (Time is in decaauts)
 A = Elapsed time spent in this place.
 B = Non-inter-level travel time spent in this place.
 C = Inter-level travel time spent in this place.
 D = Time resting spent in this place.
 E = Time spent auto-exploring this place.
 F = Levels seen in this place.
 G = Mean time per level.
                   A        B        C        D        E       F      G
               +--------+--------+--------+--------+--------+-----+--------+
         Total |   3944 |   3808 |    136 |    317 |   2608 |   5 |  788.8 |
       Dungeon |   3944 |   3808 |    136 |    317 |   2608 |   5 |  788.8 |
               +--------+--------+--------+--------+--------+-----+--------+

Top non-repeatable levels by time:
     D:4: 1153 daAuts
     D:3: 1007 daAuts
     D:1: 829 daAuts
     D:2: 693 daAuts
     D:5: 260 daAuts
